 Dungeon Crawl Stone Soup version 0.28-a0-1033-g1a2f33fa85 (webtiles) character file.

Game seed: 10884471466248363760

8403 siradein the Fighter (level 11, -4/97 HPs)
             Began as a Ghoul Fighter on Dec 8, 2021.
             Was a Follower of Yredelemnul.
             Slain by an eight-headed hydra (11 damage)
             ... on level 11 of the Dungeon.
             The game lasted 00:39:07 (10458 turns).

siradein the Fighter (Ghoul Fighter)               Turns: 10458, Time: 00:39:07

Health: -4/97      AC: 29    Str: 23    XL:     11   Next: 30%
Magic:  14/14      EV:  5    Int:  3    God:    Yredelemnul [*.....]
Gold:   453        SH: 11    Dex: 14    Spells: 10/10 levels left

rFire   . . .      SeeInvis +   p - +0 flail (protect)
rCold   + . .      Faith    .   y - +1 kite shield {reflect}
rNeg    + + +      Spirit   .   P - +0 plate armour
rPois   ∞          Reflect  +   l - +0 helmet
rElec   +          Harm     .   x - +0 cloak
rCorr   .          Rampage  .   D - +0 pair of gloves of Greed {rElec rPois rN++ Dex+4}
Will    .....                   B - +0 pair of boots
Stlth   ..........              F - amulet of magic regeneration
HPRegen 0.00/turn               o - ring of see invisible
MPRegen 0.54/turn               H - +4 ring of protection

@: mirroring injuries, under a protective aura, inhibited regen
A: claws 1, cold resistance 1, negative energy resistance 3, inhibited
regeneration, torment resistance 2
a: Renounce Religion, Animate Remains


You were on level 11 of the Dungeon.
You worshipped Yredelemnul.
Yredelemnul was aware of your devotion.
You visited 2 branches of the dungeon, and saw 12 of its levels.
You also visited: Sewer.

You collected 610 gold pieces.
You spent 157 gold pieces at shops.

Inventory:

Hand Weapons
 b - a +2 flail of draining
 p - a +0 flail of protection (weapon)
Missiles
 j - 35 poisoned darts
 K - 5 datura-tipped darts
 L - 2 throwing nets
Armour
 l - a +0 helmet (worn)
 x - a +0 cloak (worn)
 y - a +1 kite shield of reflection (worn)
 B - a +0 pair of boots (worn)
 D - the +0 pair of gloves of Greed (worn) {rElec rPois rN++ Dex+4}
   (You found it on level 10 of the Dungeon)

   Dex:       It affects your dexterity (+4).
   rElec:     It insulates you from electricity.
   rPois:     It protects you from poison.
   rN:        It greatly protects you from negative energy.
 P - a +0 plate armour (worn)
Jewellery
 n - an amulet of regeneration
 o - a ring of see invisible (left hand)
 v - a ring of fire
 F - an amulet of magic regeneration (around neck)
 H - a +4 ring of protection (right hand)
Wands
 E - a wand of iceblast (16)
 G - a wand of acid (15)
Scrolls
 e - a scroll of summoning
 f - 3 scrolls of torment
 h - 4 scrolls of amnesia
 k - a scroll of brand weapon
 m - 3 scrolls of magic mapping
 u - 4 scrolls of teleportation
 w - 3 scrolls of enchant weapon
 A - 4 scrolls of blinking
 M - a scroll of immolation
 N - a scroll of silence {unknown}
 O - 3 scrolls of noise {unknown}
Potions
 a - 3 potions of curing
 c - a potion of haste
 d - 5 potions of might
 g - 4 potions of attraction
 i - 2 potions of brilliance
 q - a potion of mutation {unknown}
 r - 2 potions of resistance {unknown}
 s - a potion of ambrosia {unknown}
 t - 2 potions of heal wounds {unknown}
 z - a potion of degeneration {unknown}
 C - 3 potions of flight
 I - 2 potions of invisibility {unknown}
 J - a potion of lignification {unknown}


   Skills:
 + Level 9.2 Fighting
 + Level 7.3 Maces & Flails
 + Level 7.6 Armour
 + Level 7.6 Shields
 + Level 5.7 Invocations
 + Level 4.6 Evocations


You had 10 spell levels left.
You didn't know any spells.
Your spell library contained the following spells:

 Spells                   Type           Power      Damage    Failure   Level
 Sandblast                Erth           0%         2d4       100%        1
 Sting                    Tmut/Pois      0%         1d3       100%        1
 Passwall                 Tmut/Erth      0%         N/A       100%        2
 Poisonous Vapours        Pois/Air       0%         N/A       100%        2
 Stone Arrow              Conj/Erth      0%         3d7       100%        3
 Olgreb's Toxic Radiance  Pois           0%         N/A       100%        4
 Petrify                  Tmut/Erth      0%         N/A       100%        4
 Irradiate                Conj/Tmut      0%         3d13      100%        5
 Sublimation of Blood     Necr           Unusable   N/A       N/A         2

Dungeon Overview and Level Annotations

Branches:
Dungeon (11/15)            Temple (1/1) D:7            Lair (0/6) D:10
    Orc (0/2) D:9           Sewer (visited)

Altars:
Ashenzari
Cheibriados
Dithmenos
Elyvilon
Fedhas
Gozag
Hepliaklqana
Kikubaaqudgha
Makhleb
Nemelex Xobeh
Okawaru
Qazlal
Ru
Sif Muna
Trog
Uskayaw
Vehumet
Wu Jian
Xom
Yredelemnul
Zin
The Shining One

Shops:
D:3 :   D:4 (:*[(


Innate Abilities, Weirdness & Mutations

You thrive by killing the living.
You are immune to poison.
You have sharp fingernails.
Your flesh is cold resistant. (rC+)
You are immune to negative energy. (rN+++)
You do not regenerate when monsters are visible.
You are immune to unholy pain and torment.


Message History

The eight-headed hydra is heavily wounded.
You block the eight-headed hydra's attack.
The eight-headed hydra bites you but does no damage. x3
You block the eight-headed hydra's attack.
The eight-headed hydra bites you!
The eight-headed hydra barely misses you.
The eight-headed hydra bites you!
You barely miss the eight-headed hydra.
The eight-headed hydra is heavily wounded.
The eight-headed hydra bites you but does no damage. x4
The eight-headed hydra barely misses you. x2
The eight-headed hydra bites you but does no damage. x2
You hit the eight-headed hydra.
The eight-headed hydra is heavily wounded.
The eight-headed hydra bites you!
You block the eight-headed hydra's attack.
The eight-headed hydra bites you but does no damage.
You block the eight-headed hydra's attack. x2
The eight-headed hydra bites you but does no damage.
The eight-headed hydra bites you. The eight-headed hydra bites you!
You are too injured to fight recklessly!
You are too injured to fight recklessly!
Unknown command.
You are too injured to fight recklessly!
You sock the eight-headed hydra!
The eight-headed hydra is severely wounded.
You block the eight-headed hydra's attack. x2
The eight-headed hydra bites you but does no damage. x3
The eight-headed hydra bites you.
The eight-headed hydra bites you but does no damage.
The eight-headed hydra bites you!
* * * LOW HITPOINT WARNING * * *
The eight-headed hydra bites you!
* * * LOW HITPOINT WARNING * * *
The eight-headed hydra bites you but does no damage.
The eight-headed hydra bites you!
* * * LOW HITPOINT WARNING * * *
The eight-headed hydra bites you!
You die...
Yredelemnul claims you as an undead slave.

#.# ..# ### ### .# ..#
.# #.# .# #.# .#
######.#######.#
.########.......@D......
..........####.........#
########### ###########


You could see an eight-headed hydra.

Vanquished Creatures
  Gastronok (D:10)
  A wizard (D:10)
  A cyclops (D:9)
  Psyche (D:10)
  2 wyverns
  7 yaks (D:10)
  Eustachio (D:5)
  A vampire mosquito (D:10)
  A hornet zombie (D:8)
  2 orc warriors (D:8)
  A sky beast (D:8)
  2 necrophages
  7 centaurs
  A phantom (D:4)
  3 kobold brigands
  4 bullfrogs
  A gnoll sergeant (D:7)
  A water moccasin skeleton (D:6)
  4 killer bees (D:8)
  7 wights (D:8)
  3 centaur zombies
  A bullfrog zombie (D:6)
  2 hounds
  3 centaur skeletons
  6 orc priests
  2 jellies
  An iguana (D:5)
  3 orc wizards
  A killer bee zombie (D:9)
  A hound skeleton (D:2)
  A howler monkey zombie (D:9)
  3 gnolls (D:7)
  13 adders
  5 river rats (Sewer)
  A shadow imp (D:5)
  A white imp (D:6)
  4 ufetubi
  3 worms
  6 dart slugs
  40 orcs
  18 endoplasms
  6 giant cockroaches
  6 goblins
  6 hobgoblins
  11 quokkas
  10 ball pythons
  4 bats
  7 frilled lizards
  20 kobolds
  9 rats
246 creatures vanquished.

Vanquished Creatures (collateral kills)
  A troll (D:10)
  3 vampire mosquitoes (D:10)
  3 yaks (D:10)
  An orc warrior (D:8)
  A centaur (D:10)
  A kobold brigand (D:10)
  3 wights (D:10)
  A crimson imp (D:10)
  4 kobolds (D:10)
18 creatures vanquished.

Vanquished Creatures (others)
  A yak zombie (D:10)
  A centaur zombie (D:10)
  4 kobold zombies (D:10)
  2 orc skeletons (D:9)
  3 vampire mosquito zombies (D:10)
11 creatures vanquished.

Grand Total: 275 creatures vanquished

Notes
Turn   | Place    | Note
-------+----------+-------------------------------------------
     0 | D:1      | siradein the Ghoul Fighter began the quest for the Orb.
     0 | D:1      | Reached XP level 1. HP: 19/19 MP: 0/0
   116 | D:1      | Reached XP level 2. HP: 26/26 MP: 1/1
   338 | D:1      | Reached XP level 3. HP: 32/33 MP: 2/2
  1138 | D:2      | Reached XP level 4. HP: 37/40 MP: 3/3
  1208 | D:2      | Reached skill level 4 in Fighting
  1806 | D:3      | Reached XP level 5. HP: 43/46 MP: 4/4
  1885 | D:3      | Found Mer Umef's Book Boutique.
  2406 | D:4      | Found Qugoaq's Book Shop.
  2417 | D:4      | Found Ycios's Weapon Shop.
  2595 | D:4      | Found Oqiu's Antique Armour Shop.
  2627 | D:4      | Noticed a phantom
  2660 | D:4      | Killed a phantom
  2661 | D:4      | Reached XP level 6. HP: 13/53 MP: 5/5
  2713 | D:4      | Found Liachuqi's Assorted Antiques.
  2879 | D:4      | Noticed a necrophage
  2899 | D:4      | Killed a necrophage
  2922 | D:4      | Found Wimiaro's Weapon Boutique.
  3238 | D:5      | Entered Level 5 of the Dungeon
  3267 | D:5      | Reached skill level 5 in Fighting
  3302 | D:5      | Found a glowing drain.
  3323 | Sewer    | Entered a sewer
  3543 | Sewer    | Reached XP level 7. HP: 61/61 MP: 6/6
  4097 | D:5      | Noticed Eustachio
  4116 | D:5      | Killed Eustachio
  4186 | D:5      | Reached XP level 8. HP: 48/70 MP: 7/7
  4269 | D:5      | Reached skill level 6 in Fighting
  4482 | D:5      | Reached skill level 5 in Armour
  4502 | D:5      | Reached skill level 5 in Shields
  5320 | D:7      | Identified the +0 ring mail "Lapoidi" {Rampage Dex+4}
  5366 | D:7      | Reached skill level 5 in Maces & Flails
  5504 | D:4      | Bought a glowing kite shield for 157 gold pieces
  5674 | D:7      | Reached XP level 9. HP: 77/78 MP: 8/8
  5677 | D:7      | Reached skill level 7 in Fighting
  5741 | D:7      | Found a staircase to the Ecumenical Temple.
  5750 | Temple   | Entered the Ecumenical Temple
  5793 | Temple   | Became a worshipper of Yredelemnul the Dark
  6399 | D:8      | Reached skill level 1 in Invocations
  6511 | D:8      | Reached skill level 1 in Evocations
  7111 | D:8      | Reached * piety under Yredelemnul
  7487 | D:8      | Reached XP level 10. HP: 78/88 MP: 11/11
  7525 | D:8      | Reached skill level 8 in Fighting
  7789 | D:9      | Found a staircase to the Orcish Mines.
  7933 | D:9      | Noticed a cyclops
  7947 | D:9      | Killed a cyclops
  8596 | D:10     | Entered Level 10 of the Dungeon
  9132 | D:10     | Noticed Psyche
  9149 | D:10     | Killed Psyche
  9280 | D:10     | Noticed Gastronok
  9295 | D:10     | Reached ** piety under Yredelemnul
  9309 | D:10     | Killed Gastronok
  9310 | D:10     | Reached skill level 9 in Fighting
  9310 | D:10     | Reached skill level 5 in Invocations
  9310 | D:10     | Reached XP level 11. HP: 77/97 MP: 13/13
  9848 | D:10     | Found a staircase to the Lair.
  9892 | D:10     | Noticed a wizard
  9913 | D:10     | Killed a wizard
 10359 | D:10     | Identified the +0 pair of gloves of Greed {rElec rPois rN++
                  | Dex+4}
 10446 | D:11     | Noticed an eight-headed hydra
 10458 | D:11     | Slain by an eight-headed hydra

Illustrated notes

Levels and vault maps discovered:
D:1:      minmay_arrival_four_houses, layout_basic,
          hangedman_abyss_or_decor_stabs, st_stairs_11
D:2:      layout_loops_ring
D:3:      minmay_skewed_foursquare, layout_loops_cross, elyvilon_altar_4,
          serial_shops, nicolae_shop_advertising_works
          [nicolae_subvault_shop_adworks], dk_vineyard_1
D:4:      layout_basic, serial_shops, nicolae_stop_n_shop_1, shop, shop_statue,
          shop, nicolae_shop_competitors_out_of_business,
          chequers_serial_rivers_room_b
D:5:      layout_cave_pools, gup_sewer_entry_pipe,
          nicolae_concentric_dashed_squares_wild, corexii_hall_statues_i,
          kennysheep_donut, glass_columns_a, minmay_misc_feat_more_columns,
          uniq_eustachio
D:6:      layout_rooms, hangedman_decor_peaks_small, chequers_decorated_corner
D:7:      layout_cave_pools, minmay_temple_entry_proselytizer
D:8:      layout_basic, serial_glass, glass_columns_a, glass_columns_b
D:9:      layout_loops_cross, david_orc_2
D:10:     layout_layer_cave, lair_entry_dummy, lightli_wizard_tower,
          uniq_psyche, uniq_gastronok
D:11:     layout_loops_ring
Temple:   nicolae_temple_the_god_donut

Skill      XL: |  1  2  3  4  5  6  7  8  9 10 |
---------------+-------------------------------+-----
Maces & Flails | 2 3 4 5 6 7 |  7.3
Shields        | 3 4 5 6 7 |  7.6
Armour         | 3 4 5 6 7 |  7.6
Fighting       | 4 5 6 7 9 |  9.2
Invocations    | 3 5 |  5.7
Evocations     | 2 4 |  4.6

Action                   |  1- 3 |  4- 6 |  7- 9 | 10-12 || total
-------------------------+-------+-------+-------+-------++-------
Melee: Flail             |   110 |   287 |   449 |   260 ||  1106
       Morningstar       |       |    25 |    91 |       ||   116
       Mace              |       |       |    61 |       ||    61
Throw: Dart              |       |       |    13 |       ||    13
Invok: Animate Remains   |       |       |       |    29 ||    29
       Injury Mirror     |       |       |       |     1 ||     1
       Recall Undead Sla |       |       |       |     1 ||     1
  Use: Scroll            |       |     4 |     4 |     7 ||    15
 Stab: Distracted        |       |       |       |     1 ||     1
Armor: Scale mail        |    46 |   138 |   209 |       ||   393
       Ring mail         |       |       |    91 |       ||    91
       Plate armour      |       |       |   137 |   237 ||   374
Dodge: Dodged            |    50 |   156 |   288 |    66 ||   560
Block: Buckler           |    26 |    68 |    88 |       ||   182
       Kite shield       |       |       |   234 |   164 ||   398
       Reflection        |       |       |    13 |     4 ||    17

Table legend: (Time is in decaauts)
 A = Elapsed time spent in this place.
 B = Non-inter-level travel time spent in this place.
 C = Inter-level travel time spent in this place.
 D = Time resting spent in this place.
 E = Time spent auto-exploring this place.
 F = Levels seen in this place.
 G = Mean time per level.
                   A        B        C        D        E       F      G
               +--------+--------+--------+--------+--------+-----+--------+
         Total |  10965 |  10601 |    364 |    334 |   7064 |  13 |  843.5 |
       Dungeon |  10005 |   9641 |    364 |    302 |   6522 |  11 |  909.5 |
        Temple |     92 |     92 |      0 |     32 |     20 |   1 |   92.0 |
         Sewer |    867 |    867 |      0 |      0 |    522 |   1 |  867.0 |
               +--------+--------+--------+--------+--------+-----+--------+

Top non-repeatable levels by time:
    D:10: 1821 daAuts
     D:8: 1196 daAuts
     D:9: 1110 daAuts
     D:4: 970 daAuts
     D:5: 932 daAuts
     D:2: 887 daAuts
   Sewer: 867 daAuts
     D:1: 840 daAuts
     D:7: 748 daAuts
     D:3: 748 daAuts
     D:6: 675 daAuts
  Temple: 92 daAuts
    D:11: 73 daAuts
